 Dungeon Crawl Stone Soup version 0.23.2-32-g37ab1d4649 (webtiles) character file.

Game seed: 12429368095550226512

6721 Ivernyr the Blocker (level 11, 0/54 HPs)
             Began as a Vine Stalker Fighter on June 26, 2019.
             Was a Believer of Hepliaklqana.
             Slain by a hornet (2 damage)
             ... on level 9 of the Dungeon.
             The game lasted 00:53:10 (8088 turns).

Ivernyr the Blocker (Vine Stalker Fighter)          Turns: 8088, Time: 00:53:11

Health: 0/54       AC: 13    Str: 21    XL:     11   Next: 4%
Magic:  0/12       EV:  8    Int:  8    God:    Hepliaklqana [**....]
Gold:   514        SH: 11    Dex: 15    Spells: 10/10 levels left

rFire    . . .     SeeInvis .   a - +1 morningstar
rCold    . . .     Gourm    .   c - +0 shield
rNeg     . . .     Faith    .   b - +0 scale mail
rPois    +         Spirit   +   v - +0 helmet
rElec    .         Reflect  .   H - +1 cloak {MR+}
rCorr    .         Harm     .   (no gloves)
MR       +++..                  j - +0 pair of boots
Stlth    ..........             (no amulet)
HPRegen  0.58/turn              q - ring of protection from magic
MPRegen  0.13/turn              B - ring of poison resistance

@: very slightly contaminated
A: reduced essence, fangs 3, regeneration 1, magic shield, antimagic bite, no
potion heal 3, rot immunity, subdued magic 1
a: Recall Ancestor, Ancestor Identity, Renounce Religion


You were on level 9 of the Dungeon.
You worshipped Hepliaklqana.
Hepliaklqana was pleased with you.
You were not hungry.

You visited 2 branches of the dungeon, and saw 10 of its levels.

You collected 514 gold pieces.

Inventory:

Hand Weapons
 a - a +1 morningstar (weapon)
Armour
 b - a +0 scale mail (worn)
 c - a +0 shield (worn)
 j - a +0 pair of boots (worn)
 v - a +0 helmet (worn)
 H - a +1 cloak of magic resistance (worn)
Jewellery
 q - a ring of protection from magic (left hand)
 t - an uncursed ring of see invisible
 B - a ring of poison resistance (right hand)
 J - an uncursed ring of wizardry
Wands
 s - a wand of random effects (35)
 y - a wand of scattershot (14)
 C - a wand of acid (5)
 E - a wand of polymorph (10)
Scrolls
 g - 8 scrolls of identify
 i - a scroll of blinking {unknown}
 k - 4 scrolls of remove curse
 o - 5 scrolls of amnesia
 p - 2 scrolls of enchant armour {unknown}
 u - 2 scrolls of immolation
 w - 3 scrolls of fear {unknown}
 z - a scroll of magic mapping {unknown}
 F - a scroll of noise {unknown}
 I - a scroll of random uselessness {unknown}
 L - a scroll of holy word {unknown}
Potions
 d - a potion of might
 e - 2 potions of cancellation {unknown}
 h - 4 potions of flight {unknown}
 l - 4 potions of haste {unknown}
 m - 5 potions of lignification {unknown}
 n - 3 potions of resistance {unknown}
 r - 6 potions of curing {unknown}
 x - a potion of berserk rage {unknown}
 A - a potion of agility {unknown}
 D - a potion of heal wounds {unknown}
 G - a potion of magic {unknown}
 K - a potion of invisibility {unknown}
Comestibles
 f - 19 rations


   Skills:
 + Level 8.1 Fighting
 + Level 7.7 Maces & Flails
 + Level 7.4 Armour
 + Level 8.1 Shields


You had 10 spell levels left.
You didn't know any spells.
Your spell library was empty.

Dungeon Overview and Level Annotations

Branches:
Dungeon (9/15)             Temple (1/1) D:4            Lair (0/6) D:8
    Orc: D:9-12

Altars:
Ashenzari
Cheibriados
Dithmenos
Elyvilon
Fedhas
Gozag
Hepliaklqana
Kikubaaqudgha
Makhleb
Okawaru
Qazlal
Ru
Sif Muna
Trog
Uskayaw
Vehumet
Xom
Yredelemnul
Zin

Shops:
D:6 %   D:8 %%%


Innate Abilities, Weirdness & Mutations

You have razor-sharp teeth.
Your natural rate of healing is unusually fast.
When hurt, damage is shared between your health and your magic reserves.
Your bite disrupts and absorbs the magic of your enemies.
Potions cannot restore your health.
You are immune to rotting.
Your life essence is reduced to manifest your ancestor. (-10% HP)
Your spells are a little easier to cast, but a little less powerful.


Message History

You closely miss the hornet. You bite the hornet. You drain its power.
You feel invigorated.
The hornet is heavily wounded.
You block the hornet's attack. You block the orc wizard's attack.
The orc priest calls down the wrath of Beogh upon you.
Beogh smites you!
* * * LOW HITPOINT WARNING * * *
The hornet stings you but does no damage.
The orc wizard casts a spell at you. The puff of frost hits you.
* * * LOW HITPOINT WARNING * * *
The orc priest invokes the aid of Beogh against you.
Beogh smites you!
* * * LOW HITPOINT WARNING * * *
Unknown command.
Unknown command.
You hit the hornet but do no damage. Your bite misses the hornet.
The hornet is heavily wounded.
The hornet stings you.
You die...

####..#.# ........#
..####..# #.......#
##..##### #.......#
.###..### #.o.....#
..=###..# #..o....#
(###..### #o......#
##..#####..#####.R.....#
..####..#.......oy.)...#
####.##.#.......@......#
##......#..######......#
.######.#..#....#......#
........#..#....#......#
.######.#..#....'......#
##......#..#....#......#
.###.##.#..#....#......#
...###..#..###'##......#
.....###...............#


You could see the friendly Manelesi the hexer, a hornet, an orc warrior, an orc
priest, an orc wizard and an orc.

Vanquished Creatures
  Joseph (D:7)
  Grinder (D:3)
  A spriggan (D:9)
  A basilisk (D:8)
  A yak (D:9)
  2 porcupines (D:8)
  3 orc warriors
  5 ice beasts
  An ogre (D:6)
  3 black bears (D:8)
  A sky beast (D:5)
  A phantom (D:7)
  A necrophage (D:8)
  3 centaurs
  2 wolves (D:8)
  A big kobold (D:9)
  2 bullfrogs
  4 scorpions
  6 killer bees
  An electric eel (D:9)
  A wight (D:7)
  A crimson imp (D:8)
  A quasit (D:9)
  Crazy Yiuf (D:7)
  4 hounds
  6 orc wizards
  2 bullfrog skeletons
  2 orc priests
  Terence (D:3)
  2 iguanas
  5 worker ants
  A hound zombie (D:6)
  A hound skeleton (D:5)
  Robin (D:3)
  3 gnolls (D:4)
  9 adders
  A shadow imp (D:8)
  2 oozes (D:3)
  4 adder skeletons
  3 worms
  3 dart slugs
  2 leopard geckos
  20 orcs
  A ball python (D:3)
  3 bats
  8 giant cockroaches
  17 goblins
  15 hobgoblins
  6 jackals
  11 kobolds
  5 quokkas
  5 frilled lizards
  A jackal zombie (D:6)
  A leopard gecko zombie (D:6)
  A quokka zombie (D:9)
  13 rats
204 creatures vanquished.

Vanquished Creatures (collateral kills)
  Psyche (D:8)
  A hippogriff (D:9)
  A sky beast (D:6)
  2 ogres
  An orc warrior (D:6)
  An ice beast (D:9)
  A phantom (D:9)
  A wolf (D:8)
  2 crocodiles (D:8)
  A bullfrog (D:6)
  2 scorpions (D:8)
  A killer bee (D:8)
  2 electric eels (D:9)
  4 wights
  An orc priest (D:5)
  2 bullfrog skeletons
  4 orc wizards
  2 centaur skeletons
  4 worker ants
  A hound zombie (D:9)
  An adder (D:7)
  2 adder zombies
  7 orcs
  3 kobolds (D:9)
48 creatures vanquished.

Vanquished Creatures (others)
  A hexer (D:9)
  4 ancestors
  A quokka (D:7)
  A fungus (D:8)
7 creatures vanquished.

Grand Total: 259 creatures vanquished

Notes
Turn   | Place    | Note
-------+----------+-------------------------------------------
     0 | D:1      | Ivernyr the Vine Stalker Fighter began the quest for the
                  | Orb.
     0 | D:1      | Reached XP level 1. HP: 11/11 MP: 2/2
   167 | D:1      | Reached XP level 2. HP: 14/16 MP: 3/3
   817 | D:2      | Reached XP level 3. HP: 19/20 MP: 4/4
  1226 | D:2      | Found a hide-covered altar of Uskayaw.
  1440 | D:2      | Gained mutation: Your natural rate of healing is unusually
                  | fast. [Vine Stalker growth]
  1440 | D:2      | Reached XP level 4. HP: 17/24 MP: 5/5
  1771 | D:3      | Found a shattered altar of Ashenzari.
  1772 | D:3      | Found a sacrificial altar of Ru.
  1799 | D:3      | Noticed Terence
  1828 | D:3      | Killed Terence
  1862 | D:3      | Noticed Robin
  1872 | D:3      | Reached XP level 5. HP: 28/28 MP: 6/6
  1880 | D:3      | Killed Robin
  1998 | D:3      | Found a blossoming altar of Fedhas.
  2226 | D:3      | Found a snail-covered altar of Cheibriados.
  2241 | D:3      | Noticed an ice beast
  2243 | D:3      | Noticed Grinder
  2254 | D:3      | Paralysed by Grinder for 2 turns
  2275 | D:3      | Killed Grinder
  2275 | D:3      | Reached XP level 6. HP: 4/33 MP: 0/7
  2383 | D:3      | Killed an ice beast
  2383 | D:3      | Reached XP level 7. HP: 37/37 MP: 8/8
  2855 | D:4      | Found a staircase to the Ecumenical Temple.
  2873 | Temple   | Entered the Ecumenical Temple
  3083 | D:4      | Found a stormy altar of Qazlal.
  3309 | D:4      | Found a sacrificial altar of Ru.
  3363 | D:4      | Found a hazy altar of Hepliaklqana.
  3415 | D:4      | Became a worshipper of Hepliaklqana the Forgotten
  3753 | D:5      | Entered Level 5 of the Dungeon
  3824 | D:5      | Gained mutation: You have razor-sharp teeth. [Vine Stalker
                  | growth]
  3824 | D:5      | Reached XP level 8. HP: 21/37 MP: 9/9
  4135 | D:5      | Reached skill level 5 in Fighting
  4135 | D:5      | Reached skill level 5 in Shields
  4841 | D:6      | Reached skill level 5 in Maces & Flails
  4841 | D:6      | Reached skill level 5 in Armour
  5096 | D:6      | Reached XP level 9. HP: 37/43 MP: 10/10
  5411 | D:6      | Found Beqoit's Food Emporium.
  5617 | D:7      | Reached * piety under Hepliaklqana
  5635 | D:7      | Found a white marble altar of Elyvilon.
  5638 | D:7      | Noticed Joseph
  5677 | D:7      | Killed Joseph
  5726 | D:7      | Found a shimmering altar of Xom.
  5859 | D:7      | Found a runed translucent door.
  5860 | D:7      | Noticed Crazy Yiuf
  6354 | D:7      | Killed Crazy Yiuf
  6448 | D:8      | Found Orar's Food Shop.
  6464 | D:8      | Reached XP level 10. HP: 47/47 MP: 11/11
  6486 | D:8      | Noticed Psyche
  6494 | D:8      | Killed Psyche
  6527 | D:8      | Found Dubaniop's Food Shoppe.
  6551 | D:8      | Found a staircase to the Lair.
  6840 | D:8      | Reached ** piety under Hepliaklqana
  6841 | D:8      | Remembered your ancestor Manelesi as a hexer
  6927 | D:8      | Found Geen's Food Shoppe.
  7732 | D:9      | Reached XP level 11. HP: 53/54 MP: 12/12
  8003 | D:9      | Got a clouded brass ring
  8005 | D:9      | Identified the ring of Polytheism {-Tele *Contam MR+ Str+2
                  | Dex+7} (You found it on level 9 of the Dungeon)
  8026 | D:9      | Gained mutation: Your spells are a little easier to cast,
                  | but a little less powerful. [mutagenic glow]
  8087 | D:9      | HP: 2/54 [orc priest/divine providence (10)]
  8088 | D:9      | Slain by a hornet

Skill      XL: |  1  2  3  4  5  6  7  8  9 10 |
---------------+-------------------------------+-----
Maces & Flails | 2 3 4 5 6 7 |  7.7
Fighting       | 3 4 5 6 8 |  8.1
Shields        | 3 4 5 6 8 |  8.1
Armour         | 3 4 5 6 7 |  7.4

Action                   |  1- 3 |  4- 6 |  7- 9 | 10-12 || total
-------------------------+-------+-------+-------+-------++-------
Melee: Flail             |   106 |   191 |   320 |       ||   617
       Bite              |    23 |    63 |   137 |    80 ||   303
       Morningstar       |       |       |    30 |   204 ||   234
Invok: Ancestor Identity |       |       |     2 |       ||     2
       Ancestor Life: He |       |       |       |     1 ||     1
  Use: Scroll            |       |       |     1 |     8 ||     9
 Stab: Distracted        |       |       |     1 |     2 ||     3
       Confused          |       |       |       |     3 ||     3
  Eat: Chunk             |     1 |     4 |    11 |     5 ||    21
       Ration            |       |       |     1 |       ||     1
Armor: Scale mail        |    37 |    71 |   142 |   118 ||   368
Dodge: Dodged            |    29 |    43 |    89 |    69 ||   230
Block: Shield            |    49 |    74 |   175 |   137 ||   435
